 Dungeon Crawl Stone Soup version 0.25-a0-842-g81a31cfd23 (webtiles) character file.

Game seed: 14043689730012386201, levelgen mode: deterministic

103 Maedhros the Skirmisher (level 4, -2/35 HPs)
             Began as an Octopode Wanderer on Apr 25, 2020.
             Slain by a hornet (6 damage)
             ... while paralysed by a hornet
             ... on level 4 of the Dungeon.
             The game lasted 00:04:03 (638 turns).

Maedhros the Skirmisher (Octopode Wanderer)          Turns: 638, Time: 00:04:05

Health: -2/35      AC:  1    Str: 11    XL:     4   Next: 79%
Magic:  4/4        EV:  2    Int: 15    God:
Gold:   43         SH:  0    Dex: 11    Spells: 3/3 levels left

rFire    . . .     SeeInvis .     - Unarmed
rCold    . . .     Gourm    .   (no shield)
rNeg     . . .     Faith    .   (helmet restricted)
rPois    .         Spirit   .   e - amulet of regeneration
rElec    .         Reflect  .   (no ring)
rCorr    .         Harm     .   (no ring)
MR       .....                  (no ring)
Stlth    ++........             (no ring)
HPRegen  0.51/turn              (no ring)
MPRegen  0.09/turn              (no ring)
                                (no ring)
                                (no ring)

@: paralysed, lethally poisoned (-2 -> -14), slowed
A: almost no armour, stealthy swim, amphibious, 8 rings, constrict 8, camouflage
1, gelatinous body 1
a: no special abilities


You were on level 4 of the Dungeon.
You were not hungry.

You visited 1 branch of the dungeon, and saw 4 of its levels.

You collected 43 gold pieces.

Inventory:

Hand Weapons
 a - a +2 hand crossbow
Missiles
 b - 25 bolts
 j - 17 poisoned darts (quivered)
Jewellery
 e - an amulet of regeneration (around mantle)
 m - an uncursed amulet of magic regeneration {unknown}
Scrolls
 g - a scroll of teleportation {unknown}
 h - a scroll of remove curse {unknown}
 i - 2 scrolls of identify {unknown}
Potions
 c - a potion of curing
 f - a potion of flight {unknown}
 k - a potion of heal wounds
 l - a potion of stabbing {unknown}
Comestibles
 d - a ration


   Skills:
 - Level 5.0 Fighting
 - Level 2.0 Crossbows
 - Level 1.0 Throwing
 - Level 1.0 Dodging
   Level 1.0 Shields
 + Level 4.2 Unarmed Combat


You had 3 spell levels left.
You didn't know any spells.
Your spell library was empty.

Dungeon Overview and Level Annotations

Branches:
Dungeon (4/15)
 Temple: D:4-7

Altars:
Dithmenos


Innate Abilities, Weirdness & Mutations

You cannot wear most types of armour.
You are very stealthy in the water. (Stealth+)
You are amphibious.
You can wear up to eight rings at the same time.
You can use your tentacles to constrict eight enemies at once.
Your skin changes colour to match your surroundings (Stealth+).
Your rubbery body absorbs attacks. (AC +1, EV +1)


Message History

You are poisoned.
You feel as though you will be slow longer.
The adder skeleton completely misses you.
The hornet barely misses you.
The adder skeleton bites you but does no damage.
You feel much better.
You constrict the hornet, but do no damage.
You feel sick. The hornet stings you!
You are more poisoned.
You feel as though you will be slow longer.
The adder skeleton bites you. The hornet stings you.
You are more poisoned.
You suddenly lose the ability to move!
You lose your grip on the hornet.
You feel sick. The hornet stings you!
* * * LOW HITPOINT WARNING * * *
You feel as though you will be slow longer.
The adder skeleton bites you.
* * * LOW HITPOINT WARNING * * *
The hornet stings you.
You die...

############
#.....##)..........
#$....##........###
#.....##........#..
#.....##........#..
#.....##........#..
######.....##........#..
.......yZ..##...........
######@#####.......##.#
............'.......##<#
...####.#####.......####
#.# ##'###...# #.# #.#
#...# ... .. +... .##
.## .. .. .. #.


You could see a hornet and an adder skeleton.

Vanquished Creatures
  A howler monkey (D:4)
  2 gnolls (D:3)
  2 adders
  A howler monkey skeleton (D:4)
  2 worms (D:2)
  A giant cockroach (D:2)
  5 hobgoblins
  2 rats (D:2)
16 creatures vanquished.

Notes
Turn   | Place    | Note
-------+----------+-------------------------------------------
     0 | D:1      | Maedhros the Octopode Wanderer began the quest for the Orb.
     0 | D:1      | Maedhros set off with the following items: a +2 hand
                  | crossbow, 25 bolts, 2 potions of curing, a ration
     0 | D:1      | Reached XP level 1. HP: 18/18 MP: 1/1
   178 | D:2      | Reached skill level 1 in Unarmed Combat
   200 | D:2      | Reached XP level 2. HP: 5/24 MP: 2/2
   206 | D:2      | HP: 1/24 [poisoned by an adder]
   390 | D:2      | Reached XP level 3. HP: 24/29 MP: 3/3
   470 | D:4      | Found a shadowy altar of Dithmenos.
   556 | D:4      | Reached XP level 4. HP: 27/35 MP: 4/4
   631 | D:4      | Noticed a hornet
   633 | D:4      | Paralysed by a hornet for 1 turns
   637 | D:4      | Paralysed by a hornet for 2 turns
   638 | D:4      | Slain by a hornet

Levels and vault maps discovered:
D:1:      dpeg_arrival_tiny_b, layout_basic, st_stairs_4
D:2:      layout_basic, hangedman_ru_absence, minivault_19
D:3:      layout_rooms
D:4:      layout_basic, grunt_dithmenos_smoke

Skill      XL: |  1  2  3 |
---------------+----------+-----
Unarmed Combat | 2 4 |  4.2
Fighting       | |  5.0
Crossbows      | |  2.0
Throwing       | |  1.0
Dodging        | |  1.0
Shields        | |  1.0

Action                   |  1- 3 |  4- 6 || total
-------------------------+-------+-------++-------
Melee: Unarmed           |    44 |    11 ||    55
       Constrict         |    12 |     3 ||    15
       Tentacles         |     9 |     2 ||    11
       Punch             |     1 |       ||     1
 Fire: Hand crossbow     |     1 |       ||     1
  Use: Potion            |     1 |     3 ||     4
 Stab: Sleeping          |     3 |       ||     3
Armor: Skin              |     2 |     2 ||     4
Dodge: Dodged            |    15 |    11 ||    26

Table legend:
 A = Non-vault XP
 B = Vault XP
 C = Vault XP percentage of total XP
 D = Non-vault monster count
 E = Vault monster count
 F = Vault count percentage of total count
                 A         B        C        D         E       F
            +---------+---------+-------+---------+---------+-------
      Total |     148 |       0 |   0.0 |      16 |       0 |   0.0
            +---------+---------+-------+---------+---------+-------
        D:1 |       4 |       0 |   0.0 |       2 |       0 |   0.0
        D:2 |      33 |       0 |   0.0 |       9 |       0 |   0.0
        D:3 |      40 |       0 |   0.0 |       3 |       0 |   0.0
        D:4 |      71 |       0 |   0.0 |       2 |       0 |   0.0
            +---------+---------+-------+---------+---------+-------
